TOP OF THE 1ST |
Louisiana State University Tigers batting - Pitching for University of Minnesota Golden Gophers : RHP Rich Pratte
|
Pitching: RHP Rich Pratte
|
|
Batting: LHB Alex Morales
|
0-0: Called Strike 0-1: TRIPLE (Line Drive, 78XD, EV 108.1 MPH)
|
Batting: LHB Manny Grado
|
0-0: Foul Ball, location: 2F 0-1: Called Strike 0-2: Strikes out swinging, 2-3 out at first.
|
Batting: RHB Pete Roberts
|
0-0: Ball 1-0: Called Strike 1-1: Foul Ball, location: 2F 1-2: Strikes out swinging
|
Batting: RHB Keith Ashton
|
0-0: Called Strike 0-1: Ball 1-1: Fly out, F9 (Flyball, 9LMF, EV 76.9 MPH)
|
Top of the 1st over - 0 runs, 1 hit, 0 errors, 1 left on base; Louisiana State University 0 - University of Minnesota 0 |
BOTTOM OF THE 1ST |
University of Minnesota Golden Gophers batting - Pitching for Louisiana State University Tigers : LHP Jabari Harris
|
Pitching: LHP Jabari Harris
|
|
Batting: RHB Ned Scovell
|
0-0: Ball 1-0: Ground out 5-3 (Groundball, 56, EV 87.5 MPH)
|
Batting: RHB Tatsuyoshi Ikeda
|
0-0: Bunt missed! 0-1: Foul Ball, location: 2F 0-2: TRIPLE (Line Drive, 7LD, EV 110.6 MPH)
|
Batting: LHB Dick Shafer
|
0-0: Swinging Strike 0-1: Ball 1-1: Foul Ball, location: 2F 1-2: Ball 2-2: Strikes out swinging
|
Batting: RHB Ozzie Buendia
|
0-0: Ball 1-0: Called Strike 1-1: SINGLE (Groundball, 6D, EV 95.0 MPH) Tatsuyoshi Ikeda scores
|
Batting: RHB Jarrod Strickhouser
|
0-0: Foul Ball, location: 2F 0-1: Swinging Strike 0-2: Foul Ball, location: 2F 0-2: Ball 1-2: Foul Ball, location: 2F 1-2: Fly out, F7 (Flyball, 7, EV 91.9 MPH)
|
Bottom of the 1st over - 1 run, 2 hits, 0 errors, 1 left on base; Louisiana State University 0 - University of Minnesota 1 |
TOP OF THE 2ND |
Louisiana State University Tigers batting - Pitching for University of Minnesota Golden Gophers : RHP Rich Pratte
|
Batting: LHB Elijah Mallandain
|
0-0: Called Strike 0-1: Foul Ball, location: 2F 0-2: Foul Ball, location: 2F 0-2: Strikes out swinging, 2-3 out at first.
|
Batting: RHB Leo Roldan
|
0-0: Ball 1-0: Ground out 6-3 (Groundball, 6, EV 98.1 MPH)
|
Batting: RHB David Dye
|
0-0: Ball 1-0: Ball 2-0: Ball 3-0: Called Strike 3-1: SINGLE (Line Drive, 6MD, EV 93.8 MPH)
|
Batting: RHB Alfredo Padilla
|
0-0: Ball 1-0: Called Strike David Dye is caught stealing 2nd base 2-4
|
Top of the 2nd over - 0 runs, 1 hit, 0 errors, 0 left on base; Louisiana State University 0 - University of Minnesota 1 |
BOTTOM OF THE 2ND |
University of Minnesota Golden Gophers batting - Pitching for Louisiana State University Tigers : LHP Jabari Harris
|
Batting: SHB Marty Kuehn
|
0-0: Foul Ball, location: 2F 0-1: Ball 1-1: Ball 2-1: Called Strike 2-2: Ball 3-2: Ground out 4-3 (Groundball, 4, EV 98.8 MPH)
|
Batting: RHB Adler Cananis
|
0-0: Called Strike 0-1: Fly out, F8 (Flyball, 8RD, EV 91.2 MPH)
|
Batting: RHB Jose Garrido
|
0-0: Fly out, F9 (Flyball, 9, EV 77.5 MPH)
|
Bottom of the 2nd over - 0 runs, 0 hits, 0 errors, 0 left on base; Louisiana State University 0 - University of Minnesota 1 |
TOP OF THE 3RD |
Louisiana State University Tigers batting - Pitching for University of Minnesota Golden Gophers : RHP Rich Pratte
|
Batting: RHB Alfredo Padilla
|
0-0: Foul Ball, location: 2F 0-1: Ball 1-1: Foul Ball, location: 2F 1-2: Ball 2-2: Strikes out looking
|
Batting: RHB Ding-bong Zhào
|
0-0: SINGLE (Groundball, 6MD, EV 101.9 MPH)
|
Batting: LHB Alex Morales
|
0-0: Ball 1-0: Ball 2-0: Ball 3-0: Base on Balls Ding-bong Zhào to second
|
Batting: LHB Manny Grado
|
0-0: Called Strike 0-1: Ball 1-1: Ball 2-1: Foul Ball, location: 2F 2-2: Foul Ball, location: 2F 2-2: Ball 3-2: DOUBLE (Groundball, 5L, EV 103.1 MPH) Ding-bong Zhào scores Alex Morales to third
|
Batting: RHB Pete Roberts
|
0-0: Called Strike 0-1: Ball 1-1: Foul Ball, location: 2F 1-2: Strikes out swinging
|
Batting: RHB Keith Ashton
|
0-0: Called Strike 0-1: Ball 1-1: Foul Ball, location: 2F 1-2: Ball 2-2: SINGLE (Line Drive, 7LS, EV 89.4 MPH) Alex Morales scores Manny Grado to third Runner from 3rd tries for Home, SAFE, throw by LF to home
|
Batting: LHB Elijah Mallandain
|
0-0: Called Strike 0-1: SINGLE (Groundball, 34D, EV 105.0 MPH) Keith Ashton to second Runner from 2nd tries for 3rd, OUT! 9-5
|
Top of the 3rd over - 3 runs, 4 hits, 0 errors, 1 left on base; Louisiana State University 3 - University of Minnesota 1 |
BOTTOM OF THE 3RD |
University of Minnesota Golden Gophers batting - Pitching for Louisiana State University Tigers : LHP Jabari Harris
|
Batting: LHB Alex Villa
|
0-0: Ground out 6-3 (Groundball, 6, EV 93.1 MPH)
|
Batting: RHB Ned Scovell
|
0-0: Ball 1-0: Called Strike 1-1: Swinging Strike 1-2: Ball 2-2: Strikes out looking
|
Batting: RHB Tatsuyoshi Ikeda
|
0-0: Fly out, F8 (Flyball, 89S, EV 90.6 MPH)
|
Bottom of the 3rd over - 0 runs, 0 hits, 0 errors, 0 left on base; Louisiana State University 3 - University of Minnesota 1 |
TOP OF THE 4TH |
Louisiana State University Tigers batting - Pitching for University of Minnesota Golden Gophers : RHP Rich Pratte
|
Batting: RHB Leo Roldan
|
0-0: Ball 1-0: Called Strike 1-1: Ball 2-1: Ball 3-1: Base on Balls
|
Batting: RHB David Dye
|
0-0: Foul Ball, location: 2F 0-1: Ball 1-1: Fielders Choice at 2nd, 1-4 (Groundball, 15S, EV 73.8 MPH)
|
Batting: RHB Alfredo Padilla
|
0-0: Called Strike 0-1: Ball 1-1: Swinging Strike 1-2: Ball 2-2: Strikes out swinging
|
Batting: RHB Ding-bong Zhào
|
0-0: Ball 1-0: Foul Ball, location: 2F 1-1: Fielders Choice at 2nd, 5-4 (Groundball, 56, EV 83.8 MPH)
|
Top of the 4th over - 0 runs, 0 hits, 0 errors, 1 left on base; Louisiana State University 3 - University of Minnesota 1 |
BOTTOM OF THE 4TH |
University of Minnesota Golden Gophers batting - Pitching for Louisiana State University Tigers : LHP Jabari Harris
|
Batting: LHB Dick Shafer
|
0-0: Ball 1-0: Fly out, F5 (Popup, 56S, EV 80.6 MPH)
|
Batting: RHB Ozzie Buendia
|
0-0: Ball 1-0: SINGLE (Groundball, 4MD, EV 105.6 MPH)
|
Batting: RHB Jarrod Strickhouser
|
0-0: Ball 1-0: Ball 2-0: Ball 3-0: Base on Balls Ozzie Buendia to second
|
Batting: SHB Marty Kuehn
|
0-0: Called Strike 0-1: Swinging Strike 0-2: Ball 1-2: Ball 2-2: Foul Ball, location: 2F 2-2: Foul Ball, location: 2F 2-2: Strikes out swinging
|
Batting: RHB Adler Cananis
|
0-0: Ball 1-0: SINGLE (Groundball, 34D, EV 107.5 MPH) Ozzie Buendia to third Jarrod Strickhouser to second Runner from 3rd tries for Home, SAFE, throw by RF to home
|
Batting: RHB Jose Garrido
|
0-0: Fly out, F8 (Flyball, 8LD, EV 101.2 MPH)
|
Bottom of the 4th over - 1 run, 2 hits, 0 errors, 2 left on base; Louisiana State University 3 - University of Minnesota 2 |
TOP OF THE 5TH |
Louisiana State University Tigers batting - Pitching for University of Minnesota Golden Gophers : RHP Rich Pratte
|
Pitching: RHP Enakai Moritiica
|
|
Now at 2B: Farakiko Haunani
|
|
Now in CF: Chris Rodgers
|
|
Now in RF: Roy Evenden
|
|
Batting: LHB Alex Morales
|
0-0: Ball 1-0: Called Strike 1-1: Called Strike 1-2: Ball 2-2: SINGLE (Line Drive, 6D, EV 96.9 MPH)
|
Pinch Hitting: RHB Elvin Ruffolo
|
0-0: Ball 1-0: Ball Alex Morales is caught stealing 2nd base 2-4 2-0: Ball 3-0: Called Strike 3-1: Called Strike 3-2: Base on Balls
|
Batting: RHB Pete Roberts
|
0-0: Foul Ball, location: 2F 0-1: Ball 1-1: Ball 2-1: Ball 3-1: Grounds into double play, 5-4-3 (Groundball, 5S, EV 88.8 MPH)
|
Top of the 5th over - 0 runs, 1 hit, 0 errors, 0 left on base; Louisiana State University 3 - University of Minnesota 2 |
BOTTOM OF THE 5TH |
University of Minnesota Golden Gophers batting - Pitching for Louisiana State University Tigers : LHP Jabari Harris
|
Pitching: RHP Luo-shan Xú
|
|
Now at C: Stone Fraser
|
|
Now at 2B: Michael Maier
|
|
Now at 3B: Graham Beamish
|
|
Now at SS: Steve McCoig
|
|
Now in RF: Peter Turcotte
|
|
Batting: LHB Alex Villa
|
0-0: Ground out 4-3 (Groundball, 4, EV 103.1 MPH)
|
Pinch Hitting: RHB Ron Gooch
|
0-0: Ball 1-0: Foul Ball, location: 2F 1-1: Foul Ball, location: 2F 1-2: Fly out, F3 (Popup, 3F, EV 79.4 MPH)
|
Batting: SHB Chris Rodgers
|
0-0: Hit by Pitch
|
Pinch Hitting: LHB Bobby Agterberg
|
0-0: Called Strike 0-1: Called Strike 0-2: Ball 1-2: Ball 2-2: Strikes out swinging
|
Bottom of the 5th over - 0 runs, 0 hits, 0 errors, 1 left on base; Louisiana State University 3 - University of Minnesota 2 |
TOP OF THE 6TH |
Louisiana State University Tigers batting - Pitching for University of Minnesota Golden Gophers : RHP Enakai Moritiica
|
Now at 2B: Ron Gooch
|
|
Now at SS: Farakiko Haunani
|
|
Now in LF: Bobby Agterberg
|
|
Now in RF: Dave Uttley
|
|
Batting: RHB Steve McCoig
|
0-0: Fly out, F8 (Flyball, 8LD, EV 106.9 MPH)
|
Pinch Hitting: LHB Oscar Rivera
|
0-0: Called Strike 0-1: Ball 1-1: Ground out 1-3 (Groundball, 15S, EV 65.0 MPH)
|
Batting: RHB Peter Turcotte
|
0-0: Swinging Strike 0-1: Foul Ball, location: 2F 0-2: Ball 1-2: Fly out, F8 (Line Drive, 8RD, EV 84.4 MPH)
|
Top of the 6th over - 0 runs, 0 hits, 0 errors, 0 left on base; Louisiana State University 3 - University of Minnesota 2 |
BOTTOM OF THE 6TH |
University of Minnesota Golden Gophers batting - Pitching for Louisiana State University Tigers : RHP Luo-shan Xú
|
Now at 1B: Zachary Acker
|
|
Now in LF: Brian Caruso
|
|
Pinch Hitting: LHB Josh Rini
|
0-0: Called Strike 0-1: SINGLE (Groundball, 56D, EV 96.2 MPH)
|
Batting: RHB Farakiko Haunani
|
0-0: Called Strike 0-1: Foul Ball, location: 2F 0-2: Ball 1-2: Strikes out swinging
|
Batting: LHB Ivan Villegas
|
0-0: Called Strike 0-1: Swinging Strike 0-2: Ball 1-2: Foul Ball, location: 2F 1-2: Foul Ball, location: 2F 1-2: Strikes out looking
|
Pinch Hitting: LHB Antonio Cordero
|
0-0: Ball 1-0: Foul Ball, location: 2F 1-1: Foul Ball, location: 2F 1-2: Ball 2-2: Ball 3-2: Foul Ball, location: 2F 3-2: Foul Ball, location: 2F 3-2: Foul Ball, location: 2F 3-2: Foul Ball, location: 2F 3-2: Base on Balls Josh Rini to second
|
Pitching: RHP Mike Moore
|
|
Batting: RHB Jose Garrido
|
0-0: Ball 1-0: Called Strike 1-1: Ball 2-1: Swinging Strike 2-2: Strikes out swinging
|
Bottom of the 6th over - 0 runs, 1 hit, 0 errors, 2 left on base; Louisiana State University 3 - University of Minnesota 2 |
TOP OF THE 7TH |
Louisiana State University Tigers batting - Pitching for University of Minnesota Golden Gophers : RHP Enakai Moritiica
|
Pitching: RHP John Roebuck
|
|
Now at 1B: Antonio Cordero
|
|
Now at 3B: Josh Rini
|
|
Batting: SHB Graham Beamish
|
0-0: Swinging Strike 0-1: Ball 1-1: Foul Ball, location: 2F 1-2: Ball 2-2: Foul Ball, location: 2F 2-2: Ball 3-2: Foul Ball, location: 2F 3-2: Single, Error in OF, E9, batter to second base (Groundball, 3D, EV 95.0 MPH)
|
Batting: RHB Michael Maier
|
0-0: Sac Bunt to 25 - play at first, batter OUT! 5-3 Graham Beamish to third
|
Batting: SHB Brian Caruso
|
0-0: Called Strike 0-1: Swinging Strike 0-2: Ball 1-2: Ball 2-2: Strikes out swinging
|
Pinch Hitting: LHB John Carter
|
0-0: Called Strike 0-1: SINGLE (Groundball, P, EV 90.0 MPH) (infield hit) Graham Beamish scores
|
Batting: SHB Stone Fraser
|
0-0: Ball John Carter steals 2nd base (no throw) 1-0: Ball 2-0: Called Strike 2-1: Ball 3-1: Base on Balls
|
Batting: RHB D.J. Ganz
|
0-0: Ground out U3 (Groundball, 3, EV 108.8 MPH)
|
Top of the 7th over - 1 run, 2 hits, 1 error, 2 left on base; Louisiana State University 4 - University of Minnesota 2 |
BOTTOM OF THE 7TH |
University of Minnesota Golden Gophers batting - Pitching for Louisiana State University Tigers : RHP Mike Moore
|
Now in CF: John Carter
|
|
Pinch Hitting: LHB Gabe Cothron
|
0-0: Ball 1-0: Ball 2-0: Called Strike 2-1: Ground out 5-3 (Groundball, 56, EV 86.9 MPH)
|
Batting: RHB Ron Gooch
|
0-0: Ground out 4-3 (Groundball, 4, EV 107.5 MPH)
|
Batting: SHB Chris Rodgers
|
0-0: Called Strike 0-1: Foul Ball, location: 2F 0-2: Strikes out swinging
|
Bottom of the 7th over - 0 runs, 0 hits, 0 errors, 0 left on base; Louisiana State University 4 - University of Minnesota 2 |
TOP OF THE 8TH |
Louisiana State University Tigers batting - Pitching for University of Minnesota Golden Gophers : RHP John Roebuck
|
Pitching: RHP Dan Lupo
|
|
Now in RF: Gabe Cothron
|
|
Pinch Hitting: RHB Stewart Walker
|
0-0: Foul Ball, location: 2F 0-1: Ground out 4-3 (Groundball, 34, EV 88.8 MPH)
|
Batting: RHB Zachary Acker
|
0-0: Foul Ball, location: 2F 0-1: Ball 1-1: Ground out 6-3 (Groundball, 56, EV 103.1 MPH)
|
Pinch Hitting: RHB Byung-hee Jee
|
0-0: Ball 1-0: Called Strike 1-1: Foul Ball, location: 2F 1-2: Foul Ball, location: 2F 1-2: Fly out, F3 (Line Drive, 3, EV 71.9 MPH)
|
Top of the 8th over - 0 runs, 0 hits, 0 errors, 0 left on base; Louisiana State University 4 - University of Minnesota 2 |
BOTTOM OF THE 8TH |
University of Minnesota Golden Gophers batting - Pitching for Louisiana State University Tigers : RHP Mike Moore
|
Now at 2B: Winston Vasquez
|
|
Now at SS: Michael Maier
|
|
Now in RF: Earl Silver
|
|
Batting: LHB Bobby Agterberg
|
0-0: Ball 1-0: Called Strike 1-1: Ball 2-1: Ball 3-1: Foul Ball, location: 2F 3-2: Strikes out swinging
|
Batting: LHB Josh Rini
|
0-0: Ball 1-0: Fly out, F8 (Line Drive, 8LM, EV 96.9 MPH)
|
Batting: RHB Farakiko Haunani
|
0-0: Foul Ball, location: 2F 0-1: Foul Ball, location: 2F 0-2: Ground out 4-3 (Groundball, 34, EV 83.8 MPH)
|
Bottom of the 8th over - 0 runs, 0 hits, 0 errors, 0 left on base; Louisiana State University 4 - University of Minnesota 2 |
TOP OF THE 9TH |
Louisiana State University Tigers batting - Pitching for University of Minnesota Golden Gophers : RHP Dan Lupo
|
Pitching: RHP Frank McCarthy
|
|
Pinch Hitting: LHB Jon Valdez
|
0-0: Called Strike 0-1: Ball 1-1: Foul Ball, location: 2F 1-2: Ball 2-2: Ball 3-2: Strikes out swinging
|
Batting: RHB Michael Maier
|
0-0: Called Strike 0-1: Foul Ball, location: 2F 0-2: Ball 1-2: Fly out, F8 (Line Drive, 8RD, EV 98.1 MPH)
|
Batting: SHB Brian Caruso
|
0-0: Fly out, F8 (Flyball, 8RD, EV 86.9 MPH)
|
Top of the 9th over - 0 runs, 0 hits, 0 errors, 0 left on base; Louisiana State University 4 - University of Minnesota 2 |
BOTTOM OF THE 9TH |
University of Minnesota Golden Gophers batting - Pitching for Louisiana State University Tigers : RHP Mike Moore
|
Pitching: RHP Jeremy Kolb
|
|
Now at 3B: Bernie Benavides
|
|
Batting: LHB Ivan Villegas
|
0-0: Ball 1-0: Fly out, F9 (Flyball, 9S, EV 87.5 MPH)
|
Pinch Hitting: LHB Jose Moncada
|
0-0: Called Strike 0-1: Foul Ball, location: 2F 0-2: Ball 1-2: Ball 2-2: Strikes out swinging
|
Pinch Hitting: RHB Jason Mooris
|
0-0: Ball 1-0: Fly out, F6 (Popup, 6D, EV 63.8 MPH)
|
Bottom of the 9th over - 0 runs, 0 hits, 0 errors, 0 left on base; Louisiana State University 4 - University of Minnesota 2 |
|